 Seeded DCSS version 0.30-a0-39-g42789b21ef (webtiles) character file.

Game seed: 7243117139357840623 (custom seed)

11 flotson the Sneak (level 2, -4/24 HPs)
             Began as a Demonspawn Delver on Aug 28, 2022.
             Killed by divine providence
             ... invoked by an orc priest
              (12 damage)
             ... on level 4 of the Dungeon.
             The game lasted 00:01:41 (720 turns).

flotson the Sneak (Demonspawn Delver)                Turns: 720, Time: 00:01:41

Health: -4/24      AC:  3    Str: 12    XL:     2   Next: 17%
Magic:  2/2        EV: 12    Int: 11    God:
Gold:   34         SH:  0    Dex: 14    Spells: 1/1 levels left

rFire   . . .      SeeInvis .    a - +0 hand axe
rCold   . . .      Faith    .    (no shield)
rNeg    . . .      Spirit   .    b - +0 leather armour
rPois   .          Reflect  .    (no helmet)
rElec   .          Harm     .    (no cloak)
rCorr   .          Rampage  .    (no gloves)
Will    .....                    (no boots)
Stlth   ++........               (no amulet)
HPRegen 0.08/turn                (no ring)
MPRegen 0.08/turn                (no ring)

@: hasted, very quick
A: foul stench 1
a: no special abilities


You were on level 4 of the Dungeon.
You visited 1 branch of the dungeon, and saw 2 of its levels.

You collected 34 gold pieces.

Inventory:

Hand Weapons
 a - a +0 hand axe (weapon)
Armour
 b - a +0 leather armour (worn)
Wands
 g - a wand of digging (3)
Scrolls
 c - a scroll of fog
Potions
 e - a potion of mutation {unknown}
 h - a potion of brilliance {unknown}


   Skills:
 + Level 3.1 Fighting
 + Level 2.0 Axes
 + Level 0.4 Armour
 + Level 2.0 Dodging
 - Level 4.5 Stealth
 + Level 0.5 Evocations


You had one spell level left.
You didn't know any spells.
Your spell library was empty.

Dungeon Overview and Level Annotations

Branches:
Dungeon (5/15)             Temple (0/1) D:4

Altars:

Annotations:
D:4 Sigmund


Innate Abilities, Weirdness & Mutations

You may rarely emit foul miasma when damaged in melee.


Message History

The giant cockroach closely misses you.
You closely miss the giant cockroach.
The giant cockroach is almost dead.
You closely miss the goblin. The goblin hits you with a +0 club.
An orc comes into view. It is wielding a +0 hand axe.
The giant cockroach bites you but does no damage.
You closely miss the giant cockroach.
The giant cockroach is almost dead.
You closely miss the goblin. The giant cockroach bites you.
The goblin barely misses you.
An orc priest comes into view. It is wielding a +0 dagger.
The goblin misses you. The giant cockroach closely misses you.
You barely miss the giant cockroach.
The giant cockroach is almost dead.
You completely miss the goblin. The giant cockroach closely misses you.
The goblin hits you with a +0 club.
You hit the giant cockroach.
You kill the giant cockroach!
You barely miss the goblin.
An orc comes into view. It is wielding a +0 dagger.
The goblin barely misses you.
Your Dodging skill increases to level 2!
Unknown command.
Okay, then.
As you read the scroll of magic mapping, it crumbles to dust.
You feel aware of your surroundings. The goblin misses you.
You feel yourself speed up. The goblin closely misses you.
The goblin closely misses you.
Found a scroll labelled UFAVAY DEONUNU.
The orc priest shouts!
The orc shouts!
The orc priest begins to cast a cantrip, but forgets the words!
The orc shouts!
The orc priest calls down the wrath of Beogh upon you.
Beogh smites you!
You see here a scroll labelled UFAVAY DEONUNU.
Sigmund the Dreaded comes into view.
He is wielding a +0 scythe.
The orc priest calls down the wrath of Beogh upon you.
Beogh smites you!
Ouch! That really hurt!
You die...

* *,,,,,**###..g.##.#.# #.....#.#
* *,,,,,,#**####o##...######.##..
* *,,,,*,..,** #.#####...........
***,,,,***#.,* #o#...#...###.###.
,,****** *#.###.#.#.#.#.#.......
*,* #...#.....############
,,******** **#..?#...#8..:,,,,,,8
,,,,,,,,,****###....##,...⌠,⌠,,,,
,,,,,,,,,*,,,* #@#...#..>...,,>,,
,,,,,,,,,*,,,* #.#..##....⌠.⌠,,,,
,,,,,,,,,*,,,* #....#*8,......,,8
,,,,,,,,,*,,,* ##.#.#************
,,,,,,,,,*,,,** *.#,..,*,,,,,,,,,
,,,,,,,,,*,,,,* *..,.#.#,,,,,,,,,
,,,,,,,,,*,,,,* *.@.,,,#,,,,,,,,,
,,,,,,,,,*,**,***.##****,,,,,,,,,
,,,,,,,,,*,,,,,,,..,,,,,,,,,,,,,,


You could see Sigmund and 2 orc priests.

Vanquished Creatures
  An ufetubus (D:5)
  A dart slug (D:4)
  A giant cockroach (D:4)
  A quokka (D:5)
  A ball python (D:4)
5 creatures vanquished.

Vanquished Creatures (others)
  27 plants (D:5)
27 creatures vanquished.

Grand Total: 32 creatures vanquished

Notes
Turn   | Place    | Note
-------+----------+-------------------------------------------
     0 | D:5      | flotson the Demonspawn Delver began the quest for the Orb.
     0 | D:5      | Reached XP level 1. HP: 18/18 MP: 1/1
   353 | D:5      | Noticed a centaur
   596 | D:4      | Noticed an iguana
   626 | D:4      | Gained mutation: You may rarely emit foul miasma when
                  | damaged in melee. [demonic ancestry]
   626 | D:4      | Reached XP level 2. HP: 22/24 MP: 2/2
   680 | D:4      | Found a staircase to the Ecumenical Temple.
   717 | D:4      | Noticed Sigmund
   720 | D:4      | Killed from afar by an orc priest

Illustrated notes

Levels and vault maps discovered:
D:4:      layout_basic, minmay_temple_entry_from_below_b, gammafunk_ghost_split,
          uniq_grinder, uniq_sigmund
D:5:      kennysheep_kobold_camp, layout_basic, chequers_serial_rivers_room_b

Skill      XL: |  1  2 |
---------------+-------+-----
Axes           | 2 |  2.0
Dodging        | 2 |  2.0
Fighting       | |  3.1
Armour         | |  0.4
Stealth        | |  4.5
Evocations     | |  0.5

Action                   || total
-------------------------++-------
Melee: Hand axe          ||    17
  Use: Scroll            ||     2
       Potion            ||     1
 Stab: Sleeping          ||     2
Armor: Leather armour    ||     4
Dodge: Dodged            ||    19

Table legend: (Time is in decaauts)
 A = Elapsed time spent in this place.
 B = Non-inter-level travel time spent in this place.
 C = Inter-level travel time spent in this place.
 D = Time resting spent in this place.
 E = Time spent auto-exploring this place.
 F = Levels seen in this place.
 G = Mean time per level.
                   A        B        C        D        E       F      G
               +--------+--------+--------+--------+--------+-----+--------+
         Total |    718 |    687 |     31 |    190 |    421 |   2 |  359.0 |
       Dungeon |    718 |    687 |     31 |    190 |    421 |   2 |  359.0 |
               +--------+--------+--------+--------+--------+-----+--------+

Top non-repeatable levels by time:
     D:5: 584 daAuts
     D:4: 134 daAuts
